 Seeded DCSS version 0.31-a0-544-gceb718ecc6 (webtiles) character file.

Game seed: 3826825538972431165 (custom seed)

161 innerfire43 the Ruffian (level 5, -1/37 (41) HPs)
             Began as a Gnoll Shapeshifter on Aug 15, 2023.
             Killed by nerve-wracking pain
             ... invoked by Grinder
              (11 damage)
             ... on level 4 of the Dungeon.
             The game lasted 00:03:29 (2073 turns).

innerfire43 the Ruffian (Gnoll Shapeshifter)        Turns: 2073, Time: 00:03:30

HP:   -1/37 (41)    AC:  7    Str: 15    XL:     5   Next: 42%
MP:   1/7           EV: 13    Int:  9    God:
Gold: 234           SH:  0    Dex: 12    Spells: 7/7 levels left

rFire   . .          .
                       - Unarmed
rCold   + . .        (shield currently unavailable)
rNeg    . . .        a - +0 animal skin
rPois   .            s - +0 helmet
rElec   .            (no cloak)
rCorr   .            i - +3 Mad Mage's Maulers {Infuse+∞ VampMP -Cast}
SInv    .            (no boots)
Will    .....        (no amulet)
Stlth   +            g - ring of protection from cold
HPRegen 0.26/turn    (no ring)
MPRegen 0.10/turn

%: no spellcasting, infuse magic (1 MP)
@: flux-form, glowing, drained
A: glow, contaminating, fangs 1, strong nose, distributed training
a: Begin Untransformation


You were on level 4 of the Dungeon.
You were something dangerously unstable.
You visited 1 branch of the dungeon, and saw 4 of its levels.

You collected 234 gold pieces.

Inventory:

Armour
 a - a +0 animal skin (worn)
 i - the +3 Mad Mage's Maulers (worn) {Infuse+∞ VampMP -Cast}
   (You acquired it on level 1 of the Dungeon)

   Infuse+∞: It empowers its wearer's blows with all of their magic.
   VampMP:    Blows struck in melee replenish the wearer's magic.
   -Cast:     It prevents spellcasting.
 s - a +0 helmet (worn)
Jewellery
 g - a ring of protection from cold (left hand)
Talismans
 c - a beast talisman
 d - a flux talisman (active)
Scrolls
 f - 3 scrolls of noise {unknown}
 j - 2 scrolls of vulnerability {unknown}
 k - a scroll of amnesia {unknown}
 l - a scroll of brand weapon {unknown}
 n - 2 scrolls of identify {unknown}
 q - a scroll of torment {unknown}
 r - a scroll of enchant armour {unknown}
Potions
 b - a potion of lignification
 e - a potion of enlightenment {unknown}
 h - a potion of brilliance {unknown}
 m - 2 potions of mutation {unknown}
 o - 2 potions of curing {unknown}
 p - a potion of cancellation {unknown}
 t - a potion of invisibility {unknown}


   Skills:
 + Level 3.0 Fighting
 + Level 1.5 Short Blades
 + Level 1.5 Long Blades
 + Level 1.5 Axes
 + Level 1.5 Maces & Flails
 + Level 1.5 Polearms
 + Level 1.5 Staves
 + Level 1.5 Ranged Weapons
 + Level 1.5 Throwing
 + Level 1.5 Armour
 + Level 4.8 Dodging
 + Level 1.5 Stealth
 + Level 1.5 Shields
 + Level 6.7 Unarmed Combat
 + Level 1.5 Spellcasting
 + Level 1.2 Conjurations
 + Level 1.2 Hexes
 + Level 1.2 Summonings
 + Level 1.2 Necromancy
 + Level 1.2 Translocations
 + Level 1.2 Transmutations
 + Level 1.2 Fire Magic
 + Level 1.2 Ice Magic
 + Level 1.2 Air Magic
 + Level 1.2 Earth Magic
 + Level 1.2 Poison Magic
 + Level 1.7 Invocations
 + Level 1.5 Evocations
 + Level 6.6 Shapeshifting


You had 7 spell levels left.
You didn't know any spells.
Your spell library was empty.

Dungeon Overview and Level Annotations

Branches:
Dungeon (4/15)
 Temple: D:4-7

Altars:

Annotations:
D:4 Grinder


Innate Abilities, Weirdness & Mutations

You are something dangerously unstable.
You glow with magical radiation, making you easy to see and hit.
Foes you strike become dangerously contaminated with magical radiation.
You are incapable of wielding weapons or throwing items.
You have very sharp teeth.
Your uncanny sense of smell can sniff out nearby items.
Your experience applies equally to all skills.


Message History

Unknown command.
The kobold shouts!
You hit the orc.
The orc glows dangerously bright.
The orc is moderately wounded.
The orc misses you. The orc hits you with a +0 mace.
* * * LOW HITPOINT WARNING * * *
Unknown command.
Okay, then.
The orc attacks as you move away! The orc hits you but does no damage.
You feel drained.
The kobold shoots a sling bullet.
The sling bullet hits you but does no damage.
The orc throws a boomerang.
The boomerang misses you.
The kobold shoots a sling bullet.
The sling bullet closely misses you.
The orc priest begins to cast a cantrip, but forgets the words!
The orc attacks as you move away! The orc barely misses you.
The orc attacks as you move away! The orc barely misses you.
The orc priest looks encouraged for a moment.
The orc attacks as you move away! The orc closely misses you.
There is a stone staircase leading down here.
The orc hits you but does no damage.
You climb downwards.
You hear the hiss of flowing sand.
There is an entrance to an ossuary on this level.
Hurry and find it before the portal is buried!
Grinder shouts!
The goblin shouts!
Found a leather armour and a ring mail.
There is a stone staircase leading up here.
You are too injured to fight recklessly!
You are too injured to fight recklessly!
You hit the orc.
The orc glows dangerously bright.
The orc is heavily wounded.
The orc barely misses you.
You hit the orc.
The orc shudders as magic cascades through it!!
You kill the orc!
The goblin unwields a +0 dagger.
The goblin wields a +0 sling.
The goblin shoots a sling bullet.
The sling bullet barely misses you.
You closely miss Grinder. You bite Grinder, but do no damage.
Grinder gestures at you. Pain shoots through your body!
You die...

............
..........#
#g........#
#........[#
#.........#
#.........#
#..)......#
#...B5....#
#.........#
###########


You could see Grinder and a goblin.

Vanquished Creatures
  Jessica (D:2)
  Robin (D:2)
  2 adders (D:2)
  4 gnolls (D:3)
  A dart slug (D:1)
  3 orcs
  3 ball pythons
  6 endoplasms
  3 giant cockroaches (D:1)
  11 goblins
  6 hobgoblins
  2 jackals (D:2)
  3 kobolds
  2 quokkas
  4 bats
  A frilled lizard (D:1)
  5 rats
58 creatures vanquished.

Notes
Turn   | Place    | Note
-------+----------+-------------------------------------------
     0 | D:1      | innerfire43 the Gnoll Shapeshifter began the quest for the
                  | Orb.
     0 | D:1      | Reached XP level 1. HP: 17/17 MP: 1/1
    11 | D:1      | You fall into a shaft and drop 1 floor!
   141 | D:1      | Reached XP level 2. HP: 18/23 MP: 2/2
   217 | D:1      | Identified a scroll of acquirement
   217 | D:1      | Acquired the +3 Mad Mage's Maulers {Infuse+∞ VampMP -Cast}
   217 | D:1      | Found the +3 Mad Mage's Maulers {Infuse+∞ VampMP -Cast}
   744 | D:1      | Reached XP level 3. HP: 28/28 MP: 1/3
  1147 | D:2      | Reached skill level 1 in Invocations
  1153 | D:2      | Reached skill level 1 in Short Blades
  1153 | D:2      | Reached skill level 1 in Long Blades
  1153 | D:2      | Reached skill level 1 in Axes
  1153 | D:2      | Reached skill level 1 in Maces & Flails
  1153 | D:2      | Reached skill level 1 in Polearms
  1153 | D:2      | Reached skill level 1 in Staves
  1153 | D:2      | Reached skill level 1 in Ranged Weapons
  1153 | D:2      | Reached skill level 1 in Throwing
  1153 | D:2      | Reached skill level 1 in Armour
  1153 | D:2      | Reached skill level 1 in Stealth
  1153 | D:2      | Reached skill level 1 in Shields
  1153 | D:2      | Reached skill level 1 in Spellcasting
  1153 | D:2      | Reached skill level 1 in Evocations
  1280 | D:2      | Noticed Robin
  1283 | D:2      | Reached XP level 4. HP: 28/34 MP: 1/5
  1317 | D:2      | Killed Robin
  1485 | D:2      | Noticed Jessica
  1487 | D:2      | Killed Jessica
  1488 | D:2      | Reached skill level 1 in Conjurations
  1488 | D:2      | Reached skill level 1 in Hexes
  1488 | D:2      | Reached skill level 1 in Summonings
  1488 | D:2      | Reached skill level 1 in Necromancy
  1488 | D:2      | Reached skill level 1 in Translocations
  1488 | D:2      | Reached skill level 1 in Transmutations
  1488 | D:2      | Reached skill level 1 in Fire Magic
  1488 | D:2      | Reached skill level 1 in Ice Magic
  1488 | D:2      | Reached skill level 1 in Air Magic
  1488 | D:2      | Reached skill level 1 in Earth Magic
  1488 | D:2      | Reached skill level 1 in Poison Magic
  1951 | D:3      | Reached XP level 5. HP: 35/40 MP: 1/7
  2070 | D:4      | Noticed Grinder
  2073 | D:4      | Killed from afar by Grinder

Illustrated notes

Levels and vault maps discovered:
D:1:      roderic_crop_circles_arrival_large, layout_basic
D:2:      layout_basic, minmay_distorted, uniq_robin, uniq_jessica
D:3:      layout_basic, minivault_24, minmay_box_of_dots
D:4:      layout_rooms, nicolae_qazlal_eye_of_the_storm,
          mainiacjoe_overflow_chevrons, minmay_temple_entry_statues_fountains,
          gup_ossuary_entry_pyramid, nicolae_elevator_lobby_asterisk,
          uniq_grinder, uniq_eustachio, uniq_pikel, uniq_duvessa

Skill      XL: |  1  2  3  4  5 |
---------------+----------------+-----
Invocations    | 1 |  1.7
Short Blades   | 1 |  1.5
Long Blades    | 1 |  1.5
Axes           | 1 |  1.5
Maces & Flails | 1 |  1.5
Polearms       | 1 |  1.5
Staves         | 1 |  1.5
Ranged Weapons | 1 |  1.5
Throwing       | 1 |  1.5
Armour         | 1 |  1.5
Stealth        | 1 |  1.5
Shields        | 1 |  1.5
Spellcasting   | 1 |  1.5
Evocations     | 1 |  1.5
Conjurations   | 1 |  1.2
Hexes          | 1 |  1.2
Summonings     | 1 |  1.2
Necromancy     | 1 |  1.2
Translocations | 1 |  1.2
Transmutations | 1 |  1.2
Fire Magic     | 1 |  1.2
Ice Magic      | 1 |  1.2
Air Magic      | 1 |  1.2
Earth Magic    | 1 |  1.2
Poison Magic   | 1 |  1.2
Fighting       | 3 |  3.0
Dodging        | |  4.8
Unarmed Combat | |  6.7
Shapeshifting  | |  6.6

Action                     |  1- 3 |  4- 6 || total
---------------------------+-------+-------++-------
  Melee: Unarmed           |    88 |    77 ||   165
         Bite              |     6 |    11 ||    17
         Punch             |     2 |       ||     2
    Use: Scroll            |     1 |       ||     1
 Armour: Animal skin       |    24 |    28 ||    52
  Dodge: Dodged            |    46 |    65 ||   111
   Form: Flux              |     1 |       ||     1

Table legend: (Time is in decaauts)
 A = Elapsed time spent in this place.
 B = Non-inter-level travel time spent in this place.
 C = Inter-level travel time spent in this place.
 D = Time resting spent in this place.
 E = Time spent auto-exploring this place.
 F = Levels seen in this place.
 G = Mean time per level.
                   A        B        C        D        E       F      G
               +--------+--------+--------+--------+--------+-----+--------+
         Total |   2052 |   1948 |    104 |      0 |   1596 |   4 |  513.0 |
       Dungeon |   2052 |   1948 |    104 |      0 |   1596 |   4 |  513.0 |
               +--------+--------+--------+--------+--------+-----+--------+

Top non-repeatable levels by time:
     D:1: 879 daAuts
     D:2: 868 daAuts
     D:3: 302 daAuts
     D:4: 2 daAuts
